 Dungeon Crawl Stone Soup version 0.21.1-1-g345015f (webtiles) character file.

151 Fortress the Chopper (level 5, -3/52 HPs)
             Began as a Troll Fighter on June 18, 2018.
             Killed from afar by an orc wizard (7 damage)
             ... with a puff of frost
             ... on level 3 of the Dungeon.
             The game lasted 00:12:44 (2421 turns).

Fortress the Chopper (Troll Fighter)                Turns: 2421, Time: 00:12:45

Health: -3/52      AC:  5    Str: 25    XL:     5   Next: 10%
Magic:  4/4        EV:  8    Int:  4    God:
Gold:   132        SH:  9    Dex:  9    Spells: 4/4 levels left

rFire    . . .     SeeInvis .   a - +0 war axe
rCold    . . .     Gourm    +   c - +0 shield
rNeg     . . .     Faith    .   b - +0 robe
rPois    .         Spirit   .   (helmet restricted)
rElec    .         Reflect  .   (no cloak)
rCorr    .         Harm     .   (gloves unavailable)
MR       .....                  (boots unavailable)
Stlth    +.........             (no amulet)
HPRegen  0.57/turn              (no ring)
MPRegen  0.09/turn              (no ring)

@: no status effects
A: large, unfitting armour, claws 3, fast metabolism 3, gourmand, regeneration
1, shaggy fur 1, tough skin 2
a: no special abilities


You were on level 3 of the Dungeon.
You were completely stuffed.

You visited 1 branch of the dungeon, and saw 4 of its levels.

You collected 132 gold pieces.

Inventory:

Hand Weapons
 a - a +0 war axe (weapon)
Missiles
 e - 62 stones (quivered)
 i - 33 arrows
 q - 24 poisoned needles
Armour
 b - a +0 robe (worn)
 c - a +0 shield (worn)
Jewellery
 j - an uncursed ring of flight {unknown}
Wands
 r - a wand of iceblast (8)
Scrolls
 g - a scroll of enchant armour {unknown}
 h - 3 scrolls of remove curse
 l - a scroll of amnesia {unknown}
 m - a scroll of identify
 o - 2 scrolls of noise {unknown}
 p - a scroll of fear {unknown}
Potions
 d - 2 potions of might
 k - a potion of curing
 n - a potion of resistance
Comestibles
 f - 8 rations


   Skills:
 + Level 2.9 Fighting
 + Level 3.1 Axes
 + Level 3.0 Dodging
 + Level 3.0 Shields


You had 4 spell levels left.
You didn't know any spells.

Dungeon Overview and Level Annotations

Branches:
Dungeon (4/15)
 Temple: D:4-7

Altars:


Innate Abilities, Weirdness & Mutations

You are too large for most types of armour.
You have claws for hands.
Your metabolism is lightning-fast.
You like to eat raw meat.
Your natural rate of healing is unusually fast.
You are covered in fur. (AC +1)
You have very tough skin. (AC +2)


Message History

As you read the scroll labeled MEUPIUKKUT, it crumbles to dust.
It is a scroll of identify.
k - 2 potions of curing Something hits you.
* * * LOW HITPOINT WARNING * * *
As you read the scroll of identify, it crumbles to dust.
n - a potion of resistance Something hits you.
* * * LOW HITPOINT WARNING * * *
Something hits you but does no damage.
You feel better. Something hits you.
* * * LOW HITPOINT WARNING * * *
The orc priest mumbles some strange prayers to Beogh against you.
Beogh smites you!
* * * LOW HITPOINT WARNING * * *
The orc priest calls down the wrath of Beogh upon you.
You hear some strange, mumbled words.
A puff of frost appears from out of thin air!
The puff of frost hits you!
You die...

... #.# ≈≈ #.# #
.# #.# # ≈.# #+
##.#########
###≈.# ..!
#..........#
≈≈≈≈.# ....
#.#.######.#
.....# .....
#...## #.#
≈≈≈≈..
.....o###....###
#.# ###≈..
.....o))@[.....#
#.# #
......####...#.#
#.# ###≈.# .....
#..##.# #.#
≈≈≈≈.# ....
#.###.###.#
.....# ...
#.........#
###### #+#
#####.##### #.#
#.# #.# #.#
##.## #######.#


You could see 2 orc priests.

Vanquished Creatures
  A hound (D:3)
  An orc wizard (D:3)
  2 adders (D:2)
  3 dart slugs (D:2)
  2 leopard geckos
  7 orcs (D:3)
  3 giant cockroaches (D:1)
  4 goblins
  7 hobgoblins
  A ball python (D:1)
  8 bats
  4 frilled lizards
  11 kobolds
  12 rats
66 creatures vanquished.

Notes
Turn   | Place    | Note
-------+----------+-------------------------------------------
     0 | D:1      | Fortress the Troll Fighter began the quest for the Orb.
     0 | D:1      | Reached XP level 1. HP: 22/22 MP: 0/0
   231 | D:1      | Reached XP level 2. HP: 27/29 MP: 1/1
   870 | D:2      | Reached XP level 3. HP: 32/36 MP: 2/2
  1778 | D:3      | Reached XP level 4. HP: 38/44 MP: 3/3
  1971 | D:4      | Noticed an ogre
  1971 | D:4      | Noticed an ogre
  2413 | D:3      | Reached XP level 5. HP: 50/52 MP: 4/4
  2421 | D:3      | Killed from afar by an orc wizard

Skill      XL: |  1  2  3  4 |
---------------+-------------+-----
Axes           | 2 3 |  3.1
Dodging        | 3 |  3.0
Shields        | 3 |  3.0
Fighting       | |  2.9

Action                   |  1- 3 |  4- 6 || total
-------------------------+-------+-------++-------
Melee: War axe           |   134 |    66 ||   200
  Use: Scroll            |       |     3 ||     3
       Potion            |       |     1 ||     1
 Stab: Sleeping          |     1 |       ||     1
  Eat: Chunk             |    19 |    10 ||    29
Armor: Robe              |    51 |    17 ||    68
Dodge: Dodged            |    49 |    15 ||    64
Block: Shield            |    76 |    32 ||   108
